 Dungeon Crawl Stone Soup version 0.19-a0-1686-g35356ef (webtiles) character file.

91 MistressOfTheDunes the Insei (level 4, 0/35 HPs)
             Began as a Mummy Monk on Sept 25, 2016.
             Slain by an adder (1 damage)
             ... on level 2 of the Dungeon.
             The game lasted 00:03:04 (3443 turns).

MistressOfTheDunes the Insei (Mummy Monk)           Turns: 3443, Time: 00:03:04

Health: 0/35       AC:  2    Str: 14    XL:     4   Next: 34%
Magic:  4/4        EV: 13    Int:  9    God:
Gold:   69         SH:  0    Dex: 15    Spells: 0 memorised, 3 levels left

rFire  . . .     SeeInvis .       - Unarmed
rCold  . . .     Gourm    .     (no armour)
rNeg   + + +     Faith    .     (no shield)
rPois  ∞         Spirit   .     (no helmet)
rElec  .         Dismiss  .     (no cloak)
rCorr  .         Reflect  .     c - +0 pair of gloves
MR     .....     Harm     .     (no boots)
Stlth  +++.......               (no amulet)
                                d - ring of stealth
                                g - ring of fire

@: no status effects
A: no food or potions, fire vulnerability, cold resistance 1, negative energy
resistance 3, torment resistance, unbreathing
a: no special abilities


You were on level 2 of the Dungeon.
You were not hungry.

You visited 1 branch of the dungeon, and saw 2 of its levels.

You collected 69 gold pieces.


Innate Abilities, Weirdness & Mutations

You do not eat or drink.
Your flesh is vulnerable to fire.
You are immune to poison.
Your flesh is cold resistant. (rC+)
You are immune to negative energy. (rN+++)
You are immune to unholy pain and torment.
You can survive without breathing.


   Skills:
 - Level 3.0 Fighting
 - Level 2.4 Dodging
 - Level 1.5 Stealth
 + Level 4.3 Unarmed Combat


You had 3 spell levels left.
You didn't know any spells.

Inventory:

Armour
 c - a +0 pair of gloves (worn)
Jewellery
 d - a ring of stealth (right hand)
 g - a ring of fire (left hand)
Scrolls
 a - 3 scrolls of amnesia {unknown}
 b - 5 scrolls of identify {unknown}
 e - 3 scrolls of immolation {unknown}
 f - a scroll of teleportation {unknown}

Dungeon Overview and Level Annotations

Branches:
Dungeon (2/15)

Altars:

▒▒▒▒▒.▒▒▒..............▒ ▒.▒
▒▒........[▒▒.........▒▒▒.▒
▒..▒.▒▒▒▒▒▒▒▒.........▒▒..▒
▒.▒▒...▒ ▒.........▒▒.▒▒
▒▒▒.▒▒▒▒.▒ ▒.........▒▒.▒ ....▒
▒.▒ ▒.........▒▒.▒ ....▒ ▒.▒▒
▒▒▒...▒▒▒▒▒▒▒.▒
....▒▒▒▒..▒▒▒▒...▒▒▒▒▒▒▒ ▒.▒▒▒▒▒
........%......SM......▒▒▒.....▒
....▒▒▒▒▒.▒▒▒g▒▒▒▒▒▒▒▒..▒▒.....▒
▒...▒▒▒▒▒.▒▒▒.▒▒▒▒.....!<......▒
▒...▒▒...........(.▒▒▒▒▒▒▒.....▒
▒...▒..▒▒.....(▒......▒ ▒.▒▒▒▒▒
......................▒▒▒▒.▒
....▒▒▒▒▒......▒....<....▒.▒
▒▒▒▒▒▒.......(.▒▒▒▒▒▒▒▒▒.▒.▒
▒....▒▒......▒ ▒...▒


You could see a gnoll and an adder.


Message History

You see here a green potion!
There is a stone staircase leading up here!
You climb upwards!
There is a stone staircase leading down here!
You start resting!
HP restored!
You climb downwards!
The gnoll barely misses you! The gnoll hits you!!!
The gnoll hits you with a flail of crushing!!! * * * don't die * * * x2
The gnoll misses you! The gnoll closely misses you!
The gnoll hits you with a flail of crushing! * * * don't die * * * x2
There is a stone staircase leading up here!
The gnoll hits you with a spear! * * * don't die
* * * The gnoll hits you! * * * don't die
* * * You climb upwards!
There is a stone staircase leading down here!
The gnoll completely misses you! The gnoll closely misses you!
You climb downwards!
There is a stone staircase leading up here!
There is a stone staircase leading up here!
The adder hisses angrily!
You see here 22 stones!
The adder bites you! * * * don't die
* * * The adder barely misses you!
The adder bites you! rip

Action                   |  1- 3 |  4- 6 || total
-------------------------+-------+-------++-------
Melee: Unarmed           |   203 |    36 ||   239
       Punch             |     2 |     1 ||     3
 Stab: Sleeping          |     9 |     1 ||    10
Armor: Skin              |    44 |     3 ||    47
Dodge: Dodged            |   158 |    30 ||   188

Vault maps used:
D:1:      tarquinn_simple_flora_water_b, corner_web_ring, supply_closet_lemuel
D:2:      minmay_misc_feat_columns, minmay_crystal_room

Notes
Turn   | Place    | Note
-------+----------+-------------------------------------------
     0 | D:1      | MistressOfTheDunes the Mummy Monk began the quest for the Orb.
     0 | D:1      | Reached XP level 1. HP: 18/18 MP: 1/1
   707 | D:1      | Reached XP level 2. HP: 17/24 MP: 2/2
   832 | D:1      | Reached skill level 3 in Unarmed Combat
  1651 | D:1      | Reached XP level 3. HP: 13/29 MP: 3/3
  2590 | D:2      | Reached skill level 4 in Unarmed Combat
  2754 | D:2      | Reached XP level 4. HP: 35/35 MP: 4/4
  3416 | D:2      | HP: 2/35 [gnoll (3)]
  3439 | D:2      | HP: 1/35 [adder (4)]
  3443 | D:2      | Slain by an adder

Vanquished Creatures
  A gnoll (D:1)
  2 adders (D:2)
  2 oozes (D:1)
  A worm (D:2)
  A dart slug (D:1)
  2 leopard geckos
  6 bats
  3 giant cockroaches (D:2)
  9 hobgoblins
  6 kobolds
  2 frilled lizards
  3 goblins
  12 rats
50 creatures vanquished.
